cohdb
Replays
Latest Replays
All Replays
Popular Replays
Top Player Replays
Match Explorer
How It Works
Community
CoH3 Stats
Reddit
Sign in to upload your games and track your stats! →
Sign in with Steam
Match 39476707
Unlisted
Match 39476707
Overview
Messages
Build Orders
End
Royal Engineer Section
Construct Section Command Post
Selects Canadian Shock Battlegroup
Selects Canadian Shock Battlegroup
Infantry Section
Infantry Section
Construct Field Infirmary
Selects Offensive Resupply
Selects Canadian Shock Section
Canadian Shock Section
Construct Platoon Command Post
Unlock M3 Stuart Light Tanks
M3 Stuart Light Tank
Selects Incendiary Munitions
Infantry Section
M3 Stuart Light Tank
Selects Pyrotechnics
Canadian Shock Section
Infantry Training
Grenade Package
M3 Stuart Light Tank
Selects Point Assault
6-pounder Anti-tank Gun Team
firestorm
『BlackBear』
0
0
Comments
sign in to comment!
No comments posted yet!